 Dungeon Crawl Stone Soup version 0.32-a0-975-g85d4e5bfdb (webtiles) character file.

Game seed: 3627440653100211205

4183 spaghetti the Jinx (level 10, -3/126 HPs)
             Began as a Naga Chaos Knight on Apr 18, 2024.
             Was a Plaything of Xom.
             Slain by Gastronok the stone giant (30 damage)
             ... on level 8 of the Dungeon.
             The game lasted 00:14:04 (8646 turns).

spaghetti the Jinx (Naga Chaos Knight)              Turns: 8646, Time: 00:14:04

Health: -3/126     AC: 25    Str: 17    XL:     10   Next: 29%
Magic:  21/21      EV:  1    Int: 19    God:    Xom [.*....]
Gold:   459        SH:  0    Dex: 16    Spells: 11/23 levels left

rFire   . . .        q - +3 flail (distort)
rCold   . . .        (no shield)
rNeg    . . .        b - melded +2 leather armour
rPois   +            w - melded +1 hat {Stlth+}
rElec   .            (cloak currently unavailable)
rCorr   .            (gloves currently unavailable)
SInv    +            (no barding)
Will    ++...        g - amulet of faith
Stlth   +++          j - +6 ring of dexterity
HPRegen 1.21/turn    t - +4 ring of slaying
MPRegen 0.17/turn

%: faith
@: tree-form, enlightened
A: stationary, stasis, torment immunity, boosted hp, AC +3, large, see
invisible, (deformed body), (poison resistance), (slowness 2), spit poison 1,
(naga tail 1), (iridescent scales 1), (camouflage 1), clever 1, regeneration 1,
strong 1
a: Spit Poison, Renounce Religion


You were on level 8 of the Dungeon.
You worshipped Xom.
You were a plaything of Xom.
You were a tree.
You visited 1 branch of the dungeon, and saw 8 of its levels.
You also visited: Sewer.

You collected 459 gold pieces.

Inventory:

Hand Weapons
 a - a +1 heavy falchion
 q - a +3 flail of distortion (weapon)
Armour
 b - a +2 leather armour (melded)
 w - a +1 hat of stealth (melded)
Magical Staves
 o - a staff of earth
Jewellery
 g - an amulet of faith (around neck)
 j - a +6 ring of dexterity (left branch)
 t - a +4 ring of slaying (right branch)
 x - a ring of willpower
Wands
 k - a wand of iceblast (7)
 m - a wand of polymorph (1)
 s - a wand of flame (12)
 u - a wand of paralysis (21)
Scrolls
 c - a scroll of noise
 e - 2 scrolls of amnesia
 i - a scroll of poison
 l - a scroll of enchant armour
 r - a scroll of blinking
 v - a scroll of identify
 y - a scroll of immolation {unknown}
Potions
 f - 2 potions of enlightenment
 n - a potion of attraction
 p - a potion of mutation
 z - 2 potions of haste
Miscellaneous
 h - a phial of floods (inert)


   Skills:
 - Level 3.0 Fighting
 - Level 3.0 Long Blades
 - Level 1.5 Armour
 - Level 0.7 Dodging
 - Level 4.1 Stealth
 + Level 7.3 Spellcasting
 - Level 10.0 Hexes
 * Level 6.2 Evocations


You had 11 spell levels left.
You knew the following spells:

 Your Spells              Type           Power      Damage    Failure   Level
a - Tukima's Dance        Hex            45%        N/A       1%          3
b - Dimensional Bullseye  Hex/Tloc       13%        N/A       12%         4
c - Yara's Violent Unrav  Hex/Alch       13%        3d7       34%         5

Your spell library contained the following spells:

 Spells                   Type           Power      Damage    Failure   Level
 Freeze                   Ice            28%        1d5       10%         1
 Cigotuvi's Dreadful Rot  Necr/Alch/Air  14%        N/A       14%         2
 Frozen Ramparts          Ice            14%        1d3       28%         3
 Hailstorm                Conj/Ice       7%         3d5       28%         3
 Brom's Barrelling Bould  Conj/Erth      7%         2d3       67%         4
 Dispel Undead            Necr           7%         3d8       67%         4
 Iskenderun's Mystic Bla Conj/Tloc 7%             2d4        (+2d1     67%         4
 Martyr's Knell           Necr/Summ      7%         N/A       67%         4
 Passage of Golubria      Tloc           7%         N/A       67%         4
 Bombard                  Conj/Erth      3%         9d1       100%        6
 Seismic Cannonade        Alch/Erth      3%         6d4       100%        7


Dungeon Overview and Level Annotations

Branches:
Dungeon (8/15)             Temple (0/1) D:7           Sewer (visited)
   Lair: D:8-11

Altars:
Elyvilon
Yredelemnul

Shops:
D:5 =   D:6 *   D:7 =

Annotations:
D:8 3 runed translucent doors, Gastronok


Innate Abilities, Weirdness & Mutations

You are a tree.
Your roots penetrate the ground, keeping you stationary.
You cannot be teleported.
You are immune to unholy pain and torment.
Your maximum health is greatly increased.
Your equipment is partially melded.
((Your serpentine skin is tough. (AC +3)))
You have supernaturally acute eyesight. (SInv)
((Armour fits poorly on your strangely shaped body.))
((Your system is resistant to poisons. (rPois)))
((You cover ground very slowly.))
You can spit poison.
((You have a snake-like lower body.))
((You are partially covered in iridescent scales. (AC +2)))
((Your skin changes colour to match your surroundings (Stealth+).))
Your mind is acute. (Int +4, Str/Dex -1)
Your natural rate of healing is unusually fast.
Your muscles are strong. (Str +4, Int/Dex -1)


Message History

Press: ? - help, Shift-Dir - straight line, f/p - Gastronok
Aim: Gastronok the stone giant (lightly wounded, 100% to hit)
The puff of flame hits Gastronok but does no damage.
Gastronok is lightly wounded.
Aiming: Throw Flame
Press: ? - help, Shift-Dir - straight line, f/p - Gastronok
Aim: Gastronok the stone giant (lightly wounded, 100% to hit)
The puff of flame hits Gastronok.
Gastronok is lightly wounded.
Aiming: Throw Flame
Press: ? - help, Shift-Dir - straight line, f/p - Gastronok
Aim: Gastronok the stone giant (lightly wounded, 100% to hit)
The puff of flame hits Gastronok.
Gastronok is lightly wounded.
Aiming: Throw Flame
Press: ? - help, Shift-Dir - straight line, f/p - Gastronok
Aim: Gastronok the stone giant (lightly wounded, 100% to hit)
The puff of flame hits Gastronok.
Gastronok is lightly wounded.
You hit Gastronok.
Space warps around Gastronok.
Gastronok is moderately wounded.
Gastronok hits you!!
You hit Gastronok.
Space warps around Gastronok.
Gastronok is moderately wounded.
Gastronok hits you!
You hit Gastronok but do no damage.
Space warps around Gastronok.
Gastronok is moderately wounded.
Gastronok hits you!!
Gastronok gurgles, "A snack!
A snack!"
Gastronok hits you!
You hit Gastronok.
Space warps around Gastronok.
Gastronok is heavily wounded.
Gastronok hits you!!
* * * LOW HITPOINT WARNING * * *
You hit Gastronok.
Space warps around Gastronok.
Gastronok is heavily wounded.
Gastronok hits you!!
You die...
Gastronok gurgles, "About time.
I'm starving!"
Xom cackles wildly!

.............#
............#
#....#..........# ....
#....#..........# .....
....#..........# .....
...##.....<..####
.....###..##...........##
........#.##C...######...
........#.##♣...###......
..............(..........
................#(..#### .#
........†.##......### ...
####..##..##.)...### #...
##..#..........)÷## #.....
#.....#....#####..###......
#.......##..##......)......
#.#..######.##..........# .


You could see Gastronok the stone giant.

Vanquished Creatures
  2 hornets
  Sigmund (D:5)
  A wyvern (D:5)
  2 water moccasins
  A black bear (D:6)
  An ice beast (D:7)
  An ogre (D:6)
  A centaur (D:7)
  A kobold brigand (D:7)
  A phantom (D:4)
  An elf zombie (D:4)
  5 bullfrogs
  2 scorpions
  2 elf skeletons (D:4)
  5 killer bees (D:7)
  A howler monkey (D:7)
  2 bombardier beetles
  A lava snake (D:7)
  A human zombie (D:4)
  A gnoll bouda (D:7)
  5 jellies
  An orc priest (D:3)
  A sleepcap (D:6)
  7 iguanas
  2 orc wizards (D:4)
  5 gnolls
  10 adders
  2 ufetubi (D:6)
  2 ribbon worms (D:2)
  8 dart slugs
  24 orcs
  17 endoplasms
  10 giant cockroaches
  9 goblins
  7 hobgoblins
  3 jackals (D:1)
  2 quokkas
  9 ball pythons
  4 bats
  8 frilled lizards
  7 kobolds
  2 orc skeletons (D:4)
  3 rats
181 creatures vanquished.

Vanquished Creatures (collateral kills)
  A two-headed ogre (D:7)
  Edmund (D:6)
  An ogre (D:6)
  A bullfrog (D:8)
  An orc priest (D:8)
  An adder (D:6)
  A gnoll (D:7)
  10 orcs
  2 ball pythons (Sewer)
  A hobgoblin (D:7)
  A frilled lizard (Sewer)
21 creatures vanquished.

Vanquished Creatures (others)
  2 dancing weapons
2 creatures vanquished.

Grand Total: 204 creatures vanquished

Notes
Turn   | Place    | Note
-------+----------+-------------------------------------------
     0 | D:1      | spaghetti the Naga Chaos Knight began the quest for the
                  | Orb.
     0 | D:1      | Reached XP level 1. HP: 21/21 MP: 1/1
    45 | D:1      | Reached skill level 1 in Stealth
   116 | D:1      | Reached XP level 2. HP: 28/28 MP: 2/2
   334 | D:1      | XOM: silly message
   469 | D:1      | Upgraded the game from 0.32-a0-961-gd60f5e5fc7 to
                  | 0.32-a0-975-g85d4e5bfdb
   557 | D:1      | XOM: noise
   571 | D:1      | XOM: noise
   571 | D:1      | XOM: smoke on damage
   658 | D:1      | Reached XP level 3. HP: 34/34 MP: 3/3
   817 | D:2      | XOM: god gift: 41 gold pieces
   891 | D:2      | Reached skill level 1 in Hexes
   949 | D:2      | XOM: divination: detect items
  1013 | D:2      | XOM: 3-stop teleportation journey
  1197 | D:2      | XOM: silly message
  1206 | D:2      | XOM is BORED!
  1301 | D:2      | XOM: divination: detect items
  1702 | D:3      | Reached XP level 4. HP: 41/42 MP: 3/5
  1707 | D:3      | Reached skill level 1 in Spellcasting
  1707 | D:3      | Reached skill level 2 in Hexes
  1920 | D:3      | Gained mutation: You have hidden genetic potential. [potion
                  | of mutation]
  1920 | D:3      | Gained mutation: You are clumsy. (Dex -2) [potion of
                  | mutation]
  1920 | D:3      | Gained mutation: You have great hidden genetic potential.
                  | [potion of mutation]
  1940 | D:3      | XOM: 3-stop teleportation journey
  2155 | D:3      | Reached XP level 5. HP: 49/49 MP: 7/7
  2165 | D:3      | Learned a level 3 spell: Tukima's Dance
  2184 | D:3      | XOM: give mutation
  2184 | D:3      | Gained mutation: You do not regenerate when monsters are
                  | visible. [Xom's mischief]
  2315 | D:3      | Reached skill level 3 in Hexes
  2327 | D:3      | Gained mutation: You are partially covered in iridescent
                  | scales. (AC +2) [hidden potential]
  2375 | D:3      | XOM: 10-stop teleportation journey
  2408 | D:3      | XOM: silly message
  2509 | D:3      | Found a basalt altar of Yredelemnul.
  2525 | D:3      | XOM: silly message
  2569 | D:3      | Found a white marble altar of Elyvilon.
  2796 | D:4      | Learned a level 4 spell: Dimensional Bullseye
  3121 | D:4      | XOM: 4-stop teleportation journey
  3127 | D:4      | Reached skill level 4 in Hexes
  3127 | D:4      | Reached XP level 6. HP: 52/56 MP: 9/9
  3220 | D:4      | Gained mutation: You have a pair of small antennae on your
                  | head. [hidden potential]
  3220 | D:4      | Lost mutation: You have great hidden genetic potential.
                  | [hidden potential expressed]
  3381 | D:4      | Found a sand-covered staircase.
  3392 | D:4      | XOM: cast spell 'Leda's Liquefaction'
  3398 | D:4      | XOM: potion effect (heal wounds)
  3407 | D:4      | Reached skill level 5 in Hexes
  3407 | D:4      | Reached XP level 7. HP: 43/62 MP: 11/11
  3490 | D:4      | Gained mutation: You can exhale a cloud of poison. [hidden
                  | potential]
  3673 | D:4      | XOM: cast spell 'Alistair's Intoxication'
  4048 | D:4      | Lost mutation: You do not regenerate when monsters are
                  | visible. [potion of mutation]
  4048 | D:4      | Lost mutation: You are clumsy. (Dex -2) [potion of
                  | mutation]
  4048 | D:4      | Lost mutation: You have a pair of small antennae on your
                  | head. [potion of mutation]
  4048 | D:4      | Gained mutation: You have sharp fingernails. [potion of
                  | mutation]
  4048 | D:4      | Gained mutation: Your health recovers twice as slowly from
                  | being drained. [potion of mutation]
  4048 | D:4      | Gained mutation: Your mind is acute. (Int +4, Str/Dex -1)
                  | [potion of mutation]
  4092 | D:5      | Entered Level 5 of the Dungeon
  4168 | D:5      | Found a glowing drain.
  4201 | D:5      | a giant cockroach changed into a wyvern
  4201 | D:5      | Noticed a wyvern
  4201 | D:5      | XOM: polymorph giant cockroach -> wyvern
  4206 | D:5      | Killed a wyvern
  4207 | D:5      | Reached skill level 6 in Hexes
  4212 | Sewer    | Entered a sewer
  4387 | Sewer    | Reached XP level 8. HP: 69/69 MP: 14/14
  4430 | Sewer    | Reached skill level 7 in Hexes
  4438 | Sewer    | Gained mutation: You expend magic power (3 MP) to
                  | strengthen your wands. [hidden potential]
  4438 | Sewer    | Lost mutation: You have hidden genetic potential. [hidden
                  | potential expressed]
  4909 | D:5      | XOM: give mutation
  4909 | D:5      | Lost mutation: You can exhale a cloud of poison. [Xom's
                  | mischief]
  4915 | D:5      | XOM: silly message
  4941 | D:5      | Found Diag's Jewellery Boutique.
  4951 | D:5      | Noticed Sigmund
  4962 | D:5      | XOM: enchant monster (bad)
  4963 | D:5      | XOM: swap monsters
  4973 | D:5      | Killed Sigmund
  5028 | D:4      | XOM: stat loss: -1 Dex (16/17)
  5040 | D:4      | XOM: give mutation
  5040 | D:4      | Gained mutation: You are frail. (-10% HP) [Xom's mischief]
  5504 | D:5      | Reached skill level 5 in Spellcasting
  5504 | D:5      | Reached skill level 8 in Hexes
  5541 | D:5      | Learned a level 5 spell: Yara's Violent Unravelling
  5637 | D:5      | XOM: give mutations
  5637 | D:5      | Gained mutation: You do not regenerate when monsters are
                  | visible. [Xom's mischief]
  5637 | D:5      | Gained mutation: Your muscles are strong. (Str +4, Int/Dex
                  | -1) [Xom's mischief]
  5637 | D:5      | Lost mutation: You are frail. (-10% HP) [Xom's mischief]
  5637 | D:5      | Lost mutation: You do not regenerate when monsters are
                  | visible. [Xom's mischief]
  5697 | D:5      | XOM: cleaving
  5801 | D:6      | Found Etzatwif's Fire Supplies.
  5801 | D:6      | XOM: 6-stop teleportation journey
  6015 | D:6      | Noticed Edmund
  6015 | D:6      | XOM: summons 8 friendly demons
  6020 | D:6      | Killed Edmund
  6114 | D:6      | XOM: confuse monster(s)
  6116 | D:6      | Reached XP level 9. HP: 69/75 MP: 17/17
  6117 | D:6      | XOM: polymorph steam dragon -> endoplasm
  6118 | D:6      | Reached skill level 9 in Hexes
  6125 | D:6      | XOM: cast spell 'Cause Fear'
  6177 | D:6      | XOM: stat loss: -1 Dex (15/16)
  6312 | D:6      | XOM: 1-stop teleportation journey
  6489 | D:6      | XOM: noise
  6587 | D:6      | XOM: summons 3 hostile shadow creatures
  6930 | D:7      | Found a staircase to the Ecumenical Temple.
  6977 | D:7      | Reached skill level 1 in Evocations
  7178 | D:7      | XOM: silly message
  7179 | D:7      | XOM: silly message
  7271 | D:7      | XOM: give mutations
  7271 | D:7      | Lost mutation: You have sharp fingernails. [Xom's mischief]
  7271 | D:7      | Gained mutation: Your skin changes colour to match your
                  | surroundings (Stealth+). [Xom's mischief]
  7271 | D:7      | Gained mutation: Your natural rate of healing is unusually
                  | fast. [Xom's mischief]
  7282 | D:7      | Noticed a hornet
  7282 | D:7      | XOM: silly message
  7289 | D:7      | Killed a hornet
  7312 | D:7      | XOM: god gift: phial of floods
  7360 | D:7      | XOM: cloud trail
  7416 | D:7      | XOM: polymorph killer bee -> hobgoblin
  7427 | D:7      | Reached skill level 10 in Hexes
  7808 | D:7      | Found Lukhale's Jewellery Emporium.
  7946 | D:7      | XOM: summons 5 friendly demons
  7962 | D:7      | XOM: god gift: battleaxe {god gift}
  7995 | D:7      | Noticed a two-headed ogre
  7996 | D:7      | XOM: divination: detect creatures
  8001 | D:7      | Killed a two-headed ogre
  8002 | D:7      | Reached skill level 5 in Evocations
  8002 | D:7      | Reached XP level 10. HP: 54/84 MP: 13/20
  8329 | D:8      | Noticed Gastronok
  8329 | D:8      | Noticed a two-headed ogre
  8330 | D:8      | XOM: cast spell 'Fugue of the Fallen'
  8336 | D:8      | XOM: cast spell 'Iskenderun's Battlesphere'
  8337 | D:8      | Gastronok changed into Gastronok the stone giant
  8337 | D:8      | Noticed Gastronok
  8337 | D:8      | XOM: polymorph Gastronok -> Gastronok the stone giant
  8460 | D:8      | Found a runed translucent gate.
  8460 | D:8      | Found a runed translucent gate.
  8460 | D:8      | Found a runed translucent gate.
  8460 | D:8      | Noticed a white ugly thing
  8461 | D:8      | Noticed a glowing orange brain
  8461 | D:8      | Noticed a red ugly thing
  8461 | D:8      | Noticed a red ugly thing
  8462 | D:8      | Noticed a cyan ugly thing
  8462 | D:8      | XOM: confusion
  8469 | D:8      | XOM: give mutations
  8469 | D:8      | Lost mutation: You expend magic power (3 MP) to strengthen
                  | your wands. [Xom's mischief]
  8469 | D:8      | Lost mutation: Your health recovers twice as slowly from
                  | being drained. [Xom's mischief]
  8611 | D:8      | XOM: confusion (+ monsters)
  8646 | D:8      | Slain by Gastronok the stone giant

Illustrated notes

Levels and vault maps discovered:
D:1:      dpeg_arrival_simpleton_b, layout_basic
D:2:      layout_basic
D:3:      layout_rooms, kennysheep_ying_yang, minivault_14
D:4:      layout_basic, nicolae_ossuary_entry_catacombs,
          kennysheep_generic_room_15
D:5:      layout_basic, gup_sewer_entry_glass, serial_shops,
          nicolae_shop_tiny_real_fake_doors, uniq_sigmund
D:6:      layout_loops_corners, nicolae_shop_fire_sale [nicolae_sub_dead_trees],
          minmay_starry_boxes, uniq_edmund
D:7:      layout_basic, minmay_temple_entry_drinking_statues, enter_bailey_4,
          serial_shops, nicolae_shop_hallway_plus, kennysheep_generic_room_6
D:8:      layout_rooms, ploomutoo_gammafunk_ghost_potion_laboratory,
          uniq_gastronok

Skill      XL: |  1  2  3  4  5  6  7  8  9 10 |
---------------+-------------------------------+-----
Stealth        | 2 4 |  4.1
Hexes          | 1 2 4 5 6 8 10 | 10.0
Spellcasting   | 1 2 3 4 5 7 |  7.3
Evocations     | 5 6 |  6.2
Fighting       | |  3.0
Long Blades    | |  3.0
Armour         | |  1.5
Dodging        | |  0.7

Action                     |  1- 3 |  4- 6 |  7- 9 | 10-12 || total
---------------------------+-------+-------+-------+-------++-------
  Melee: Falchion          |    54 |   136 |   138 |       ||   328
         Flail             |       |       |    92 |    29 ||   121
   Cast: Tukima's Dance    |       |       |     8 |     9 ||    17
Ability: Spit Poison       |    23 |    25 |    35 |     3 ||    86
         Breathe Poison Ga |       |       |    20 |       ||    20
  Evoke: Wand              |       |       |     2 |     6 ||     8
         Phial of floods   |       |       |     1 |     1 ||     2
    Use: Potion            |     1 |     8 |     3 |     3 ||    15
         Scroll            |     1 |     7 |     9 |     1 ||    18
   Stab: Sleeping          |       |     3 |     6 |       ||     9
         Petrified         |       |     4 |       |       ||     4
         Confused          |       |     1 |     1 |       ||     2
         Distracted        |       |       |     1 |       ||     1
 Armour: Leather armour    |    33 |   121 |   283 |    35 ||   472
         Skin              |       |       |       |     6 ||     6
  Dodge: Dodged            |    15 |    73 |   156 |    14 ||   258

Table legend: (Time is in decaauts)
 A = Elapsed time spent in this place.
 B = Non-inter-level travel time spent in this place.
 C = Inter-level travel time spent in this place.
 D = Time resting spent in this place.
 E = Time spent auto-exploring this place.
 F = Levels seen in this place.
 G = Mean time per level.
                   A        B        C        D        E       F      G
               +--------+--------+--------+--------+--------+-----+--------+
         Total |  10983 |  10481 |    502 |    735 |   7882 |   9 | 1220.3 |
       Dungeon |  10250 |   9748 |    502 |    728 |   7527 |   8 | 1281.2 |
         Sewer |    732 |    732 |      0 |      7 |    355 |   1 |  732.0 |
               +--------+--------+--------+--------+--------+-----+--------+

Top non-repeatable levels by time:
     D:4: 2033 daAuts
     D:7: 1754 daAuts
     D:6: 1545 daAuts
     D:2: 1344 daAuts
     D:3: 1310 daAuts
     D:5: 966 daAuts
     D:1: 958 daAuts
   Sewer: 732 daAuts
     D:8: 337 daAuts
